 Dungeon Crawl Stone Soup version 0.32-a0-290-g598725c5f2 (webtiles) character file.

Game seed: 8924708980432100169

188 Mahakala the Chopper (level 5, 0/40 (41) HPs)
             Began as a Mountain Dwarf Reaver on Feb 14, 2024.
             Slain by an orc wizard
             ... wielding a +0 trident
              (2 damage)
             ... on level 3 of the Dungeon.
             The game lasted 00:10:32 (2378 turns).

Mahakala the Chopper (Mountain Dwarf Reaver)        Turns: 2378, Time: 00:10:33

HP:   0/40 (41)     AC:  6    Str: 17    XL:     5   Next: 39%
MP:   7/7           EV:  9    Int: 13    God:
Gold: 87            SH:  0    Dex:  8    Spells: 6/7 levels left

rFire   . . .        a - +0 hand axe
rCold   . . .        b - +0 buckler
rNeg    . . .        l - +0 scale mail
rPois   .            (no helmet)
rElec   .            (no cloak)
rCorr   .            (no gloves)
SInv    .            (no boots)
Will    .....        (no amulet) Stlth
                     (no ring)
HPRegen 0.26/turn    (no ring)
MPRegen 0.10/turn

%: no passive effects
@: confused, lightly drained
A: runic magic, artefact enchanting
a: no special abilities


You were on level 3 of the Dungeon.
You visited 1 branch of the dungeon, and saw 3 of its levels.

You collected 87 gold pieces.

Inventory:

Hand Weapons
 a - a +0 hand axe (weapon)
 f - a +3 vampiric whip
Missiles
 p - 4 poisoned darts
Armour
 b - a +0 buckler (worn)
 l - a +0 scale mail (worn)
 n - a +0 kite shield
Jewellery
 o - a ring of ice
Scrolls
 c - a scroll of blinking {unknown}
 d - a scroll of teleportation {unknown}
 e - 2 scrolls of noise {unknown}
 g - a scroll of enchant weapon {unknown}
 h - 2 scrolls of identify {unknown}
 j - 3 scrolls of enchant armour {unknown}
 m - a scroll of fog {unknown}
 q - a scroll of immolation {unknown}
Potions
 i - a potion of haste {unknown}
 k - a potion of magic {unknown}


   Skills:
 - Level 2.1 Fighting
 * Level 6.0 Axes
 - Level 1.3 Dodging
 + Level 1.3 Shields
 - Level 1.7 Spellcasting
 - Level 3.0 Conjurations
 - Level 3.0 Necromancy


You had 6 spell levels left.
You knew the following spells:

 Your Spells              Type           Power      Damage    Failure   Level
a - Kiss of Death         Conj/Necr      32%        2d7       14%         1

Your spell library contained the following spells:

 Spells                   Type           Power      Damage    Failure   Level
 Momentum Strike          Conj/Tloc      10%        3d8       36%         2
 Ensorcelled Hibernation  Hex/Ice        2%         N/A       56%         2
 Hailstorm                Conj/Ice       5%         3d5       58%         3
 Passwall                 Erth           1%         N/A       80%         3
 Swiftness                Air            1%         N/A       80%         3


Dungeon Overview and Level Annotations

Branches:
Dungeon (3/15)

Altars:

Shops:
D:1 *


Innate Abilities, Weirdness & Mutations

Your spellcasting is much less encumbered by armour.
You can use scrolls of enchantment on lesser artefacts.


Message History

Something hits you.
You're too confused to move!
Something hits you.
* * * LOW HITPOINT WARNING * * *
The orc hits you with a +0 hand axe.
* * * LOW HITPOINT WARNING * * *
You feel less confused. Something hits you.
* * * LOW HITPOINT WARNING * * *
The orc barely misses you.
You hit the orc.
The orc is moderately wounded.
Something hits you.
* * * LOW HITPOINT WARNING * * *
You block the orc's attack.
You closely miss the orc.
The orc is moderately wounded.
The orc hits you but does no damage. Something hits you.
* * * LOW HITPOINT WARNING * * *
Something hits you but does no damage. The orc closely misses you.
You hit the orc.
You kill the orc!
You hear some strange, mumbled words.
A puff of flame appears from out of thin air!
The puff of flame hits you.
* * * LOW HITPOINT WARNING * * *
Your Axes skill increases to level 6!
Something hits you.
* * * LOW HITPOINT WARNING * * *
Things that are here:
a +0 hand axe; an orc corpse You hear some strange, mumbled words.
You are confused.
Something hits you but does no damage.
You're too confused to move!
Something hits you but does no damage. Something hits you.
You die...

..#.#...## .
#.#.#....##
...###...#.....######
#
♣......#............
# ..####..#........#
# . #..#.....ß.# ..#
#..###..?.##
....##..###...## ...#
# #.....).))@## #..#
.###.#####..###{.#
#..# ......<.....#
#..'...### #..#
.....######.#
#..#..##.. #... .###
#......##.# ##..#
#####... ## ##....
#.... ##..... #...ß
##.ß...# #....
##......#


There were no monsters in sight!

Vanquished Creatures
  Jessica (D:2)
  An orc wizard (D:3)
  2 gnolls
  4 adders
  4 orcs (D:3)
  5 ball pythons
  2 endoplasms
  A giant cockroach (D:2)
  7 goblins
  3 hobgoblins (D:2)
  3 quokkas
  6 bats
  2 frilled lizards (D:2)
  A kobold (D:1)
  4 rats
46 creatures vanquished.

Notes
Turn   | Place    | Note
-------+----------+-------------------------------------------
     0 | D:1      | Mahakala the Mountain Dwarf Reaver began the quest for the
                  | Orb.
     0 | D:1      | Reached XP level 1. HP: 17/17 MP: 3/3
   127 | D:1      | Reached skill level 4 in Axes
   214 | D:1      | Found Jawkad's General Store.
   216 | D:1      | Reached XP level 2. HP: 24/24 MP: 4/4
   786 | D:1      | Reached skill level 5 in Axes
   810 | D:2      | Reached XP level 3. HP: 29/29 MP: 5/5
   861 | D:2      | Noticed Jessica
   879 | D:2      | Killed Jessica
   880 | D:2      | Reached skill level 1 in Necromancy
  1038 | D:2      | Reached XP level 4. HP: 36/36 MP: 6/6
  2084 | D:3      | Reached XP level 5. HP: 37/37 MP: 7/7
  2122 | D:3      | Reached skill level 1 in Shields
  2374 | D:3      | Reached skill level 6 in Axes
  2374 | D:3      | HP: 1/40 [something (2)]
  2378 | D:3      | Slain by an orc wizard

Illustrated notes

Levels and vault maps discovered:
D:1:      minmay_arrival_semitransparent, layout_basic, serial_shops, shop
D:2:      layout_loops_cross, chequers_decorated_corner, kennysheep_boxes,
          uniq_jessica
D:3:      layout_loops_ring, nicolae_overflow_ecumenical_swirl,
          mainiacjoe_overflow_catwalk, serial_forest, infiniplex_forest_3_way,
          infiniplex_forest_clump_curved, infiniplex_forest_clump_long,
          infiniplex_forest_clump_diagonal, infiniplex_forest_lined_2,
          infiniplex_forest_join, infiniplex_forest_lined_4_way,
          infiniplex_forest_lined_2, infiniplex_forest_lined_2,
          infiniplex_forest_lined_3, dk_noncrumbling_2, corexii_shack,
          uniq_crazy_yiuf_cottage

Skill      XL: |  1  2  3  4  5 |
---------------+----------------+-----
Axes           | 4 5 6 |  6.0
Conjurations   | 3 |  3.0
Necromancy     | 2 3 |  3.0
Shields        | 1 |  1.3
Fighting       | |  2.1
Dodging        | |  1.3
Spellcasting   | |  1.7

Action                     |  1- 3 |  4- 6 || total
---------------------------+-------+-------++-------
  Melee: Hand axe          |    76 |   137 ||   213
  Throw: Dart              |       |     4 ||     4
   Cast: Kiss of Death     |       |     1 ||     1
    Use: Potion            |     1 |       ||     1
 Armour: Leather armour    |    24 |       ||    24
         Ring mail         |     8 |       ||     8
         Scale mail        |    13 |   104 ||   117
  Dodge: Dodged            |    36 |    54 ||    90
  Block: Buckler           |     6 |    14 ||    20

Table legend: (Time is in decaauts)
 A = Elapsed time spent in this place.
 B = Non-inter-level travel time spent in this place.
 C = Inter-level travel time spent in this place.
 D = Time resting spent in this place.
 E = Time spent auto-exploring this place.
 F = Levels seen in this place.
 G = Mean time per level.
                   A        B        C        D        E       F      G
               +--------+--------+--------+--------+--------+-----+--------+
         Total |   2395 |   2323 |     72 |    529 |    965 |   3 |  798.3 |
       Dungeon |   2395 |   2323 |     72 |    529 |    965 |   3 |  798.3 |
               +--------+--------+--------+--------+--------+-----+--------+

Top non-repeatable levels by time:
     D:2: 1164 daAuts
     D:1: 808 daAuts
     D:3: 422 daAuts
